 Dungeon Crawl Stone Soup version 0.29-a0-664-gff9cad4a3d (webtiles) character file.

Game seed: 6304191672913537857

5847 dolemite99 the Martial Artist (level 10, -15/81 HPs)
             Began as a Gnoll Transmuter on June 23, 2022.
             Was a High Priest of Hepliaklqana.
             Demolished by an orc knight
             ... wielding a +0 broad axe
              (25 damage)
             ... on level 10 of the Dungeon.
             The game lasted 00:17:12 (13768 turns).

dolemite99 the Martial Artist (Gnoll Transmuter)   Turns: 13768, Time: 00:17:13

Health: -15/81     AC:  7    Str: 12    XL:     10   Next: 80%
Magic:  18/21      EV: 12    Int: 15    God:    Hepliaklqana [*****.]
Gold:   470        SH:  0    Dex: 12    Spells: 11/24 levels left

rFire   x . .      SeeInvis .     - Unarmed
rCold   + + +      Faith    +   (shield currently unavailable)
rNeg    . . .      Spirit   .   (body armour currently unavailable)
rPois   +          Reflect  .   (helmet currently unavailable)
rElec   .          Harm     .   (cloak currently unavailable)
rCorr   .          Rampage  .   (gloves currently unavailable)
Will    .....                   (boots currently unavailable)
Stlth   +++.......              d - amulet of faith
HPRegen 0.23/turn               (no ring)
MPRegen 0.17/turn               (no ring)

@: ice-form
A: freezing attack, amphibious, boosted hp, reduced essence, large, (fangs 1),
strong nose, distributed training
a: End Transformation, Renounce Religion, Recall Ancestor, Ancestor Identity,
Transference, Idealise


You were on level 10 of the Dungeon.
You worshipped Hepliaklqana.
Hepliaklqana was extremely pleased with you.
You were a creature of crystalline ice.
You visited 1 branch of the dungeon, and saw 10 of its levels.

You collected 506 gold pieces.
You spent 36 gold pieces at shops.

Inventory:

Hand Weapons
 a - a +0 hand crossbow of electrocution (melded)
 g - a +0 dagger of freezing
 x - a +2 trident of freezing
 z - a +3 trident
 K - a +2 war axe of electrocution
 L - a +0 longbow
Missiles
 b - a curare-tipped dart
 B - 9 poisoned darts
Armour
 i - a +0 pair of boots (melded)
 p - a +2 helmet (melded)
 v - +0 fire dragon scales
 D - the +0 kite shield of Muamafro {rElec rF- rN++ Int+2}
   (You found it on level 7 of the Dungeon)

   Int:       It affects your intelligence (+2).
   rF:        It makes you vulnerable to fire.
   rElec:     It insulates you from electricity.
   rN:        It greatly protects you from negative energy.
 I - a +1 leather armour (melded)
 M - a +2 cloak (melded)
Jewellery
 d - an amulet of faith (around neck)
 n - a ring of ice
 o - a ring of fire
 q - an amulet of the acrobat
 s - a ring of resist corrosion
Wands
 w - a wand of mindburst (14)
 y - a wand of charming (10)
Scrolls
 j - a scroll of amnesia
 t - 3 scrolls of teleportation
 A - 5 scrolls of vulnerability
 C - 2 scrolls of fog
 J - 2 scrolls of immolation
Potions
 c - 3 potions of curing
 e - 2 potions of magic
 f - a potion of degeneration
 h - a potion of berserk rage
 k - 3 potions of lignification
 l - 3 potions of attraction
 r - a potion of invisibility
 u - a potion of haste
 E - a potion of heal wounds {unknown}
 F - a potion of flight
 G - 2 potions of might
 H - 2 potions of mutation {unknown}


   Skills:
 + Level 6.2 Fighting
 + Level 5.6 Short Blades
 + Level 5.6 Long Blades
 + Level 5.6 Axes
 + Level 5.6 Maces & Flails
 + Level 5.6 Polearms
 + Level 5.6 Staves
 + Level 5.6 Slings
 + Level 5.6 Bows
 + Level 5.6 Crossbows
 + Level 5.6 Throwing
 + Level 5.6 Armour
 + Level 7.3 Dodging
 + Level 5.6 Stealth
 + Level 5.6 Shields
 + Level 8.7 Unarmed Combat
 + Level 7.6 Spellcasting
 + Level 4.6 Conjurations
 + Level 4.6 Hexes
 + Level 4.6 Summonings
 + Level 4.6 Necromancy
 + Level 4.6 Translocations
 + Level 6.1 Transmutations
 + Level 4.6 Fire Magic
 + Level 4.6 Ice Magic
 + Level 4.6 Air Magic
 + Level 4.6 Earth Magic
 + Level 4.6 Poison Magic
 + Level 6.2 Invocations
 + Level 5.6 Evocations


You had 11 spell levels left.
You knew the following spells:

 Your Spells              Type           Power      Damage    Failure   Level
a - Beastly Appendage     Tmut           48%        N/A       1%          1
b - Spider Form           Tmut/Pois      21%        N/A       4%          3
c - Ice Form              Ice/Tmut       21%        N/A       14%         4
d - Wereblood             Tmut           24%        N/A       1%          2
e - Tukima's Dance        Hex            19%        N/A       5%          3

Your spell library contained the following spells:

 Spells                   Type           Power      Damage    Failure   Level
 Apportation              Tloc           38%        N/A       1%          1
 Sublimation of Blood     Necr           19%        N/A       2%          2
 Portal Projectile        Hex/Tloc       38%        N/A       5%          3
 Blade Hands              Tmut           12%        N/A       28%         5
 Alistair's Intoxication  Tmut/Pois      14%        N/A       36%         5
 Borgnjor's Vile Clutch   Necr/Erth      9%         N/A       45%         5
 Eringya's Noxious Bog    Tmut/Pois      10%        N/A       91%         6
 Malign Gateway           Summ/Tloc      9%         N/A       100%        7
 Summon Hydra             Summ           9%         N/A       100%        7
 Summon Horrible Things   Summ           9%         N/A       100%        8


Dungeon Overview and Level Annotations

Branches:
Dungeon (10/15)            Temple (0/1) D:7            Lair (0/6) D:10
    Orc: D:9-12

Altars:
Gozag
Hepliaklqana
Makhleb
Nemelex Xobeh
Qazlal
Ru
Xom
The Shining One
Beogh

Shops:
D:1 !*(:   D:4 (

Annotations:
D:9 3 runed translucent doors, DocClef's ghost, journeyman HuFi


Innate Abilities, Weirdness & Mutations

You are a creature of crystalline ice.
You have a powerful freezing melee attack.
You are amphibious.
Your maximum health is increased.
Your armour is entirely melded.
You are incapable of wielding weapons or throwing items.
Your life essence is reduced to manifest your ancestor. (-10% HP)
((You have very sharp teeth.))
Your uncanny sense of smell can sniff out nearby items.
Your experience applies equally to all skills.


Message History

Your +2 cloak melds into your body.
Your +2 helmet melds into your body.
Your +0 pair of boots melds into your body.
Your +1 leather armour melds into your body.
Your +0 hand crossbow of electrocution stops crackling.
The orc warrior shouts! x2
The orc warrior hits you from afar with a +0 trident!
The orc warrior hits you with a +0 trident!!
The orc warrior misses you.
You punch the orc warrior! You freeze the orc warrior.
The orc warrior is heavily wounded.
The orc warrior hits you but does no damage.
The orc warrior hits you with a +0 scimitar.
You are too injured to fight recklessly!
You are too injured to fight recklessly!
You punch the orc warrior! You freeze the orc warrior.
The orc warrior is almost dead.
Eadburga hits the orc warrior with a +0 flail.
The orc warrior dies!
The orc warrior hits you with a +0 scimitar!
You punch the orc warrior! You freeze the orc warrior!
The orc warrior is almost dead.
You hear a shout!
Eadburga hits the orc warrior with a +0 flail!
The orc warrior dies!
An orc knight comes into view. It is wielding a +0 broad axe.
Your life force feels restored.
Things that are here:
a +0 scimitar; a +0 plate armour The orc knight hits you with a +0 broad axe.
The orc knight hits Eadburga with a +0 broad axe!
You hit the orc knight but do no damage.
Eadburga hits the orc knight with a +0 flail.
The orc knight hits you with a +0 broad axe!!
* * * LOW HITPOINT WARNING * * *
The orc knight hits Eadburga with a +0 broad axe.
You barely miss the orc knight.
The orc knight is lightly wounded.
Eadburga hits the orc knight but does no damage.
The orc knight hits you with a +0 broad axe!!
You die...

#######.#......#
##.##.........
#.......#......#
##.########..<
#.#######'###### #.#.#
#... #.# ∆
#......######R## #...
#.###∆ #......'..# #.#
##... ....#∆∆ #......#..#
#.# #.... #.###
########..###.########...
#.### ∆
#######R)##.......# ##.#
#...#∆∆
......oY.##..####.# #.#
##### ∆
###########.#####.## #.#
###### #.##.....# #.#
.....# #.##.##..# #..
###### #.##.##..###..
#.............
####.####.##.# # #.##.#
#.....


You could see the friendly Eadburga the knight and an orc knight (ally target).

Vanquished Creatures
  A two-headed ogre (D:9)
  Prince Ribbit (D:7)
  A wyvern (D:10)
  5 yaks (D:10)
  A steam dragon (D:4)
  A water moccasin (D:10)
  An orc warrior (D:6)
  2 ogres
  A kobold brigand (D:8)
  3 wights
  4 howler monkeys
  2 crimson imps (D:9)
  2 hounds
  5 jellies
  3 orc priests
  Terence (D:2)
  Jessica (D:2)
  2 iguanas
  2 orc wizards (D:7)
  Robin (D:3)
  A gnoll (D:6)
  7 adders
  2 white imps
  An ufetubus (D:4)
  A worm (D:2)
  A dart slug (D:3)
  18 orcs
  4 bats
  4 endoplasms
  5 giant cockroaches
  9 goblins
  10 hobgoblins
  4 jackals (D:2)
  A quokka (D:4)
  2 ball pythons
  A frilled lizard (D:1)
  8 kobolds
  6 rats
  A spectral kobold (D:2)
126 creatures vanquished.

Vanquished Creatures (collateral kills)
  A troll (D:10)
  3 wyverns
  A yak (D:10)
  3 water moccasins (D:10)
  2 orc warriors (D:10)
  A black bear (D:6)
  2 sky beasts
  An ogre (D:6)
  A bullfrog (D:7)
  A scorpion (D:5)
  2 wights (D:6)
  2 howler monkeys
  A crimson imp (D:9)
  2 jellies
  4 hounds
  9 orc wizards
  4 iguanas
  4 adders
  2 gnolls (D:6)
  16 orcs
  A bat (D:3)
  An endoplasm (D:4)
  A giant cockroach (D:4)
  6 goblins
  4 hobgoblins
  2 ball pythons (D:3)
  A frilled lizard (D:3)
  3 kobolds
  2 rats (D:2)
83 creatures vanquished.

Vanquished Creatures (others)
  A knight (D:9)
  9 plants (D:10)
10 creatures vanquished.

Grand Total: 219 creatures vanquished

Notes
Turn   | Place    | Note
-------+----------+-------------------------------------------
     0 | D:1      | dolemite99 the Gnoll Transmuter began the quest for the
                  | Orb.
     0 | D:1      | Reached XP level 1. HP: 17/17 MP: 6/6
    25 | D:1      | Found Tymm's Antique Weapon Boutique.
   388 | D:1      | Found Koqivar's Assorted Antiques.
   437 | D:1      | Reached XP level 2. HP: 20/23 MP: 5/7
   486 | D:1      | Found Wiki's Distillery.
   496 | D:1      | Bought a potion of curing for 36 gold pieces
   505 | D:1      | Found Ramemp's Magic Scroll Shop.
  1078 | D:1      | Found Oraty's Book Emporium.
  1271 | D:2      | Reached skill level 5 in Spellcasting
  1271 | D:2      | Reached XP level 3. HP: 28/28 MP: 7/9
  1365 | D:2      | Learned a level 3 spell: Spider Form
  1398 | D:2      | Learned a level 1 spell: Beastly Appendage
  1612 | D:2      | Noticed Terence
  1616 | D:2      | Noticed Jessica
  1622 | D:2      | Killed Terence
  1623 | D:2      | Reached skill level 1 in Short Blades
  1623 | D:2      | Reached skill level 1 in Long Blades
  1623 | D:2      | Reached skill level 1 in Axes
  1623 | D:2      | Reached skill level 1 in Maces & Flails
  1623 | D:2      | Reached skill level 1 in Polearms
  1623 | D:2      | Reached skill level 1 in Staves
  1623 | D:2      | Reached skill level 1 in Slings
  1623 | D:2      | Reached skill level 1 in Bows
  1623 | D:2      | Reached skill level 1 in Crossbows
  1623 | D:2      | Reached skill level 1 in Throwing
  1623 | D:2      | Reached skill level 1 in Armour
  1623 | D:2      | Reached skill level 1 in Stealth
  1623 | D:2      | Reached skill level 1 in Shields
  1623 | D:2      | Reached skill level 1 in Invocations
  1623 | D:2      | Reached skill level 1 in Evocations
  1623 | D:2      | Reached XP level 4. HP: 34/34 MP: 11/11
  1625 | D:2      | Killed Jessica
  1628 | D:2      | Reached skill level 1 in Conjurations
  1628 | D:2      | Reached skill level 1 in Hexes
  1628 | D:2      | Reached skill level 1 in Summonings
  1628 | D:2      | Reached skill level 1 in Necromancy
  1628 | D:2      | Reached skill level 1 in Translocations
  1628 | D:2      | Reached skill level 1 in Fire Magic
  1628 | D:2      | Reached skill level 1 in Ice Magic
  1628 | D:2      | Reached skill level 1 in Air Magic
  1628 | D:2      | Reached skill level 1 in Earth Magic
  1628 | D:2      | Reached skill level 1 in Poison Magic
  1780 | D:2      | Learned a level 2 spell: Wereblood
  1837 | D:2      | Found a faded altar of an unknown god.
  1853 | D:2      | Prayed at the altar of an unknown god.
  1853 | D:2      | Became a worshipper of Hepliaklqana the Forgotten
  1853 | D:2      | Reached * piety under Hepliaklqana
  2213 | D:2      | Reached XP level 5. HP: 36/36 MP: 10/12
  2927 | D:3      | Noticed Robin
  2939 | D:3      | Killed Robin
  3807 | D:3      | Reached ** piety under Hepliaklqana
  3816 | D:3      | Reached XP level 6. HP: 40/42 MP: 11/13
  3816 | D:3      | Remembered your ancestor Eadburga as a knight
  3921 | D:3      | Found a sparkling altar of Nemelex Xobeh.
  4317 | D:4      | Found Peeriuf's Weapon Shop.
  4433 | D:4      | Reached skill level 5 in Dodging
  4923 | D:4      | Noticed a steam dragon
  4997 | D:4      | Killed a steam dragon
  4998 | D:4      | Reached skill level 7 in Unarmed Combat
  4998 | D:4      | Reached XP level 7. HP: 17/46 MP: 11/15
  5938 | D:5      | Entered Level 5 of the Dungeon
  6152 | D:5      | Reached *** piety under Hepliaklqana
  6243 | D:5      | Reached XP level 8. HP: 54/54 MP: 16/16
  6646 | D:5      | Found a glowing golden altar of the Shining One.
  7892 | D:6      | Reached XP level 9. HP: 34/59 MP: 15/18
  7900 | D:6      | Reached skill level 5 in Transmutations
  8188 | D:6      | Learned a level 4 spell: Ice Form
  8738 | D:7      | Reached **** piety under Hepliaklqana
  8766 | D:7      | Identified the +0 kite shield of Muamafro {rElec rF- rN++
                  | Int+2}
  9045 | D:7      | Reached skill level 5 in Fighting
  9080 | D:7      | Noticed Prince Ribbit
  9090 | D:7      | Killed Prince Ribbit
  9409 | D:7      | Found an opulent altar of Gozag.
  9445 | D:7      | Learned a level 3 spell: Tukima's Dance
  9633 | D:7      | Found a staircase to the Ecumenical Temple.
  9900 | D:8      | Reached skill level 8 in Unarmed Combat
 10427 | D:8      | Reached skill level 5 in Invocations
 10639 | D:8      | Found a burning altar of Makhleb.
 10690 | D:8      | Found a sacrificial altar of Ru.
 11566 | D:9      | Found a stormy altar of Qazlal.
 11594 | D:9      | Found the +3 woodcutter's axe {vorpal}
 11618 | D:9      | Found a runed translucent gate.
 11709 | D:9      | Found a runed translucent gate.
 11710 | D:9      | Found a runed translucent gate.
 11713 | D:9      | Noticed DocClef's ghost (journeyman HuFi)
 11751 | D:9      | Found a shimmering altar of Xom.
 11757 | D:9      | Reached ***** piety under Hepliaklqana
 11772 | D:9      | Noticed a two-headed ogre
 11786 | D:9      | Killed a two-headed ogre
 11787 | D:9      | Reached skill level 5 in Short Blades
 11787 | D:9      | Reached skill level 5 in Long Blades
 11787 | D:9      | Reached skill level 5 in Axes
 11787 | D:9      | Reached skill level 5 in Maces & Flails
 11787 | D:9      | Reached skill level 5 in Polearms
 11787 | D:9      | Reached skill level 5 in Staves
 11787 | D:9      | Reached skill level 5 in Slings
 11787 | D:9      | Reached skill level 5 in Bows
 11787 | D:9      | Reached skill level 5 in Crossbows
 11787 | D:9      | Reached skill level 5 in Throwing
 11787 | D:9      | Reached skill level 5 in Armour
 11787 | D:9      | Reached skill level 5 in Stealth
 11787 | D:9      | Reached skill level 5 in Shields
 11787 | D:9      | Reached skill level 5 in Evocations
 11787 | D:9      | Reached XP level 10. HP: 54/68 MP: 17/20
 12256 | D:10     | Entered Level 10 of the Dungeon
 13416 | D:10     | Found a staircase to the Lair.
 13764 | D:10     | Noticed an orc knight
 13768 | D:10     | Demolished by an orc knight

Illustrated notes

Levels and vault maps discovered:
D:1:      psy_arrival_fountain, layout_basic, serial_shops,
          nicolae_shop_advertising_works [nicolae_subvault_shop_adworks],
          nicolae_shop_competitors_out_of_business, nicolae_square_shop, shop,
          shop_fountains
D:2:      layout_loops_corners, dreamdust_ecumenical_altar_drowned_temple,
          uniq_terence, uniq_jessica
D:3:      layout_loops_cross, lemuel_tele_altar, hangedman_decor_growths,
          uniq_robin
D:4:      minmay_wonky_spiral, layout_loops_ring, serial_shops, shop
D:5:      layout_gridville, mainiacjoe_overflow_chevrons
D:6:      layout_cave_pools, serial_column_ruins, column_ruins_square_small,
          column_ruins_columns_T, column_ruins_open_small,
          column_ruins_open_small_water
D:7:      layout_rooms, mainiacjoe_overflow_small_starburst,
          minmay_temple_entry_glassed_door, kennysheep_generic_room_16,
          uniq_prince_ribbit1
D:8:      layout_gridville, overflow_temple_1_default,
          makhleb_blood_cavern_becter, minivault_10
D:9:      layout_grid_maze, led_xom_imps, general_overflow_altar,
          biasface_ghost_orc_armoury
D:10:     cheibrodos_orc_bank, layout_loops_cross, minmay_lair_entry_grove,
          ebering_dispersal_statue_hall, kb_lookout_dungeons_type,
          minmay_hollow_rounded_squares

Skill      XL: |  1  2  3  4  5  6  7  8  9 10 |
---------------+-------------------------------+-----
Spellcasting   | 5 6 7 |  7.6
Short Blades   | 1 2 3 5 |  5.6
Long Blades    | 1 2 3 5 |  5.6
Axes           | 1 2 3 5 |  5.6
Maces & Flails | 1 2 3 5 |  5.6
Polearms       | 1 2 3 5 |  5.6
Staves         | 1 2 3 5 |  5.6
Slings         | 1 2 3 5 |  5.6
Bows           | 1 2 3 5 |  5.6
Crossbows      | 1 2 3 5 |  5.6
Throwing       | 1 2 3 5 |  5.6
Armour         | 1 2 3 5 |  5.6
Stealth        | 1 2 3 5 |  5.6
Shields        | 1 2 3 5 |  5.6
Invocations    | 1 2 3 4 5 6 |  6.2
Evocations     | 1 2 3 5 |  5.6
Conjurations   | 1 2 3 4 |  4.6
Hexes          | 1 2 3 4 |  4.6
Summonings     | 1 2 3 4 |  4.6
Necromancy     | 1 2 3 4 |  4.6
Translocations | 1 2 3 4 |  4.6
Fire Magic     | 1 2 3 4 |  4.6
Ice Magic      | 1 2 3 4 |  4.6
Air Magic      | 1 2 3 4 |  4.6
Earth Magic    | 1 2 3 4 |  4.6
Poison Magic   | 1 2 3 4 |  4.6
Fighting       | 3 4 5 6 |  6.2
Transmutations | 4 5 6 |  6.1
Dodging        | 5 6 7 |  7.3
Unarmed Combat | 7 8 |  8.7

Action                   |  1- 3 |  4- 6 |  7- 9 | 10-12 || total
-------------------------+-------+-------+-------+-------++-------
Melee: Unarmed           |    55 |   123 |    59 |    53 ||   290
       Kick              |     4 |    12 |       |       ||    16
       Headbutt          |     3 |     8 |       |       ||    11
       Bite              |     1 |     9 |       |       ||    10
       Punch             |       |     1 |       |       ||     1
       Hand crossbow     |       |       |     1 |       ||     1
 Fire: Hand crossbow     |       |       |   141 |    22 ||   163
 Cast: Beastly Appendage |     8 |    13 |     7 |       ||    28
       Spider Form       |       |     5 |    15 |     3 ||    23
       Wereblood         |       |     1 |       |       ||     1
       Ice Form          |       |       |       |     5 ||     5
Invok: Recall Ancestor   |       |     3 |     2 |       ||     5
       Ancestor Life: Kn |       |     1 |       |       ||     1
  Use: Scroll            |     4 |     6 |    10 |     3 ||    23
       Potion            |     1 |       |     1 |       ||     2
 Stab: Sleeping          |     2 |     4 |     1 |       ||     7
       Distracted        |       |     1 |     1 |       ||     2
Armor: Robe              |     9 |    26 |       |       ||    35
       Skin              |     7 |     5 |       |     8 ||    20
       Leather armour    |       |       |       |     9 ||     9
Dodge: Dodged            |    40 |    95 |    78 |    63 ||   276

Table legend: (Time is in decaauts)
 A = Elapsed time spent in this place.
 B = Non-inter-level travel time spent in this place.
 C = Inter-level travel time spent in this place.
 D = Time resting spent in this place.
 E = Time spent auto-exploring this place.
 F = Levels seen in this place.
 G = Mean time per level.
                   A        B        C        D        E       F      G
               +--------+--------+--------+--------+--------+-----+--------+
         Total |  13804 |  13511 |    293 |   6095 |   5333 |  10 | 1380.4 |
       Dungeon |  13804 |  13511 |    293 |   6095 |   5333 |  10 | 1380.4 |
               +--------+--------+--------+--------+--------+-----+--------+

Top non-repeatable levels by time:
     D:9: 1883 daAuts
     D:2: 1868 daAuts
     D:4: 1738 daAuts
     D:5: 1494 daAuts
     D:6: 1278 daAuts
     D:8: 1267 daAuts
     D:7: 1224 daAuts
     D:1: 1197 daAuts
     D:3: 1121 daAuts
    D:10: 729 daAuts
